Map: Deathaura LE

Players

MaSa

  • Race: Terran Terran
  • League: Master
  • Spawn Location: 11:00

Vindicta - Winner!

  • Race: Terran Terran
  • League: Master
  • Spawn Location: 5:00

Event: DreamHack SC2 Masters 2020 Winter

VOD

Have the link to the VOD?

Description

Time

  • Played on: Oct. 13, 2020, 7:38 p.m.
  • Length: 18:13

All games in this series

Show
View Real Time Build Order
Export as new Build Order

MaSa Terran 

Build Orders:  

Get SALT Encoding   

  12  0:00  SCV  
  13  0:12  SCV  
  14  0:17  Supply Depot  
  14  0:24  SCV  
  14  0:27  Refinery  
  15  0:38  SCV  
  16  0:45  Barracks  
  16  0:50  SCV  
  16  0:55  Refinery  
  17  1:02  SCV  
  18  1:14  SCV  
  19  1:32  Reaper, Orbital Command  
  20  1:34  Factory  
  20  1:47  Supply Depot  
  20  1:58  SCV  
  21  2:04  Reaper  
  22  2:10  SCV  
  23  2:18  Hellion  
  23  2:22  SCV  
  26  2:29  Command Center  
  26  2:34  SCV  
  26  2:36  Reaper  
  28  2:43  Hellion  
  30  2:46  Supply Depot  
  30  2:48  SCV  
  31  2:58  Starport  
  31  3:06  Factory Tech Lab  
  31  3:09  Barracks Reactor  
  31  3:12  SCV  
  30  3:33  Cyclone  
  33  3:34  SCV  
  34  3:42  Orbital Command  
  34  3:44  Refinery, Starport Tech Lab  
  34  3:45  Marine  
  34  3:46  SCV  
  34  3:47  Marine  
  37  3:58  SCV  
  38  4:03  Raven, Marine  
  38  4:04  Marine  
  38  4:08  SCV  
  43  4:11  SCV  
  43  4:14  Siege Tank  
  46  4:20  SCV  
  46  4:23  SCV  
  48  4:25  Supply Depot  
  48  4:32  SCV  
  48  4:35  SCV  
  50  4:42  Marine x2  
  50  4:44  Command Center  
  52  4:45  SCV  
  52  4:50  Supply Depot, Raven  
  55  4:53  SCV  
  55  4:57  Siege Tank  
  55  4:59  SCV  
  60  5:05  Refinery  
  60  5:06  SCV  
  61  5:11  Marine  
  61  5:12  SCV, Marine  
  64  5:14  Supply Depot  
  64  5:18  SCV  
  64  5:20  Supply Depot  
  65  5:24  SCV  
  66  5:30  SCV  
  66  5:31  Barracks  
  67  5:36  SCV  
  67  5:38  Siege Tank  
  67  5:40  Starport Reactor, Barracks  
  71  5:42  Engineering Bay  
  71  5:46  Engineering Bay  
  71  5:47  SCV  
  72  5:51  Marine  
  72  5:52  Stimpack  
  72  5:56  SCV  
  74  5:58  Orbital Command  
  74  6:00  SCV  
  75  6:10  SCV, Terran Infantry Weapons Level 1, Siege Tank  
  79  6:11  Engineering Bay  
  79  6:13  SCV  
  79  6:16  Marine  
  81  6:22  SCV  
  82  6:25  Starport Reactor  
  82  6:26  Orbital Command  
  82  6:29  SCV  
  82  6:32  Marine x2  
  85  6:33  Barracks  
  85  6:34  Barracks  
  85  6:39  Marine  
  86  6:40  Supply Depot  
  86  6:43  Terran Infantry Armor Level 1  
  86  6:45  SCV, Sensor Tower  
  86  6:46  SCV  
  88  6:54  Siege Tank  
  88  6:57  SCV  
  88  7:00  SCV  
  88  7:01  SCV  
  94  7:03  Marine x3  
  94  7:07  Medivac  
  99  7:09  SCV  
  99  7:11  Medivac  
  99  7:12  Marine x2  
  99  7:15  SCV  
  105  7:17  SCV  
  105  7:21  Supply Depot, Marine  
  106  7:27  Armory  
  106  7:31  Marine x2  
  106  7:32  Supply Depot, Marine  
  106  7:34  Barracks Tech Lab x2  
  109  7:39  SCV  
  104  7:45  Marauder, Marine  
  104  7:49  Marine  
  104  7:51  Liberator  
  100  7:53  SCV x2  
  100  7:54  SCV  
  100  7:57  Barracks  
  106  8:05  Combat Shield, Factory Reactor  
  106  8:06  Marine  
  106  8:07  Marauder  
  106  8:09  Liberator  
  106  8:10  Marine  
  106  8:12  Command Center  
  113  8:14  Marauder  
  113  8:15  SCV x2  
  113  8:16  SCV  
  118  8:21  Supply Depot  
  118  8:23  Terran Infantry Weapons Level 2  
  118  8:26  Marine x2  
  120  8:31  Supply Depot  
  120  8:32  SCV x2  
  122  8:35  Supply Depot  
  122  8:37  Medivac  
  122  8:40  Marine  
  125  8:43  Marauder  
  125  8:47  SCV  
  128  8:50  Marine x2  
  128  8:53  Widow Mine x2  
  128  8:54  Concussive Shells, Refinery, Marauder  
  128  8:55  Supply Depot x3, Marauder  
  138  9:00  Marauder, Marine x2  
  142  9:03  Medivac  
  142  9:04  Marauder  
  146  9:10  Marine  
  146  9:13  Starport x2  
  146  9:14  SCV  
  146  9:16  SCV x2  
  146  9:17  Marauder  
  152  9:25  Planetary Fortress  
  152  9:28  Missile Turret  
  152  9:29  Terran Infantry Armor Level 2  
  152  9:31  Missile Turret  
  152  9:39  Marine  
  152  9:40  Marauder x3, Marine  
  158  9:46  Marine x2  
  158  9:47  Marauder  
  145  9:57  Marine x2  
  141  10:01  Marauder, Marine x2  
  141  10:02  SCV  
  141  10:04  Marine x2  
  130  10:08  Marauder  
  130  10:12  SCV x2  
  122  10:15  SCV x2, Marine x2  
  122  10:18  Starport Reactor x2  
  122  10:19  Medivac, Marauder, Marine  
  131  10:21  Medivac  
  131  10:22  Marauder, Marine x2  
  135  10:29  Marauder  
  135  10:33  Marine x2  
  137  10:37  Marauder  
  137  10:39  Marine  
  137  10:40  SCV, Marauder, Marine  
  137  10:42  SCV x3  
  144  10:43  Marine  
  144  10:44  Barracks  
  144  10:45  Missile Turret, Barracks  
  144  10:49  Medivac  
  147  10:51  Medivac, Terran Infantry Weapons Level 3, Marauder  
  147  10:52  Marine  
  147  10:53  Marine  
  147  10:54  Widow Mine  
  155  10:58  Marauder  
  155  11:02  Marauder x2, Marine x2  
  160  11:08  SCV x4  
  160  11:09  Command Center  
  164  11:12  Marauder  
  164  11:14  Marine  
  164  11:15  Viking x2  
  164  11:17  Terran Ship Weapons Level 1  
  171  11:20  Marauder  
  171  11:23  Marauder  
  175  11:25  Marine  
  175  11:26  Marauder, Marine  
  175  11:28  Viking  
  175  11:29  Viking  
  183  11:33  Marauder, Refinery x2  
  183  11:34  Refinery, Marine  
  185  11:41  Marauder  
  174  11:55  Marauder x2, Marine x2  
  174  11:56  Viking  
  174  11:57  Viking, Marine x2  
  174  11:58  Marauder  
  178  12:02  Marauder  
  177  12:09  Marine x2  
  177  12:10  SCV x3  
  177  12:11  SCV  
  177  12:13  Marine x2  
  180  12:17  Marauder x2, Marine  
  180  12:18  Marine  
  180  12:19  Medivac, Marauder  
  180  12:21  Medivac  
  180  12:22  SCV x2  
  189  12:24  Marauder  
  189  12:27  SCV, Marine  
  188  12:34  Fusion Core  
  188  12:36  Viking x2, Command Center  
  192  12:38  Marauder x2  
  192  12:39  Viking  
  198  12:57  Missile Turret  
  198  13:09  Marauder  
  200  13:18  Missile Turret  
  177  13:23  Marine  
  177  13:24  Marauder x2, Marine, Liberator  
  177  13:25  Viking x3, Liberator x2  
  184  13:29  Marine x4  
  184  13:31  Supply Depot  
  184  13:33  Supply Depot  
  188  13:35  Command Center, Marine x2  
  176  13:41  Marine x2  
  176  13:45  Marauder, Marine  
  176  13:46  Marine  
  176  13:47  Marine x3  
  179  13:53  Marauder, Marine  
  179  13:55  Viking  
  174  13:59  Marine x2  
  174  14:00  Viking  
  148  14:03  Marauder  
  148  14:04  Marine x3  
  148  14:05  Marine  
  148  14:07  Marauder  
  145  14:10  Viking x3  
  145  14:11  Marauder  
  145  14:14  Marine  
  150  14:17  Advanced Ballistics, Marine x2  
  150  14:22  Marine x3  
  150  14:23  Marine  
  151  14:24  Marauder  
  151  14:27  Marine  
  153  14:32  Marine x2  
  153  14:35  Marine  
  150  14:40  Marine x4  
  142  14:46  Marauder x2  
  142  14:47  Marine  
  142  14:50  Marauder x2  
  142  15:04  Command Center  
  142  15:07  Marauder, Widow Mine x2  
  146  15:11  Viking x2  
  152  15:20  Viking x2, Marine  
  150  15:26  Marine  
  150  15:27  Marauder  
  153  15:34  Marine  
  153  15:35  Marauder  
  155  15:47  Viking, Marauder, Marine x2  
  156  15:56  Viking x2  
  156  15:57  Viking  
  156  16:05  Viking  
  156  16:06  Viking  
  156  16:07  Planetary Fortress  
  158  16:17  Viking  
  153  16:26  Liberator x2  
  153  16:32  Liberator  
  162  16:35  Liberator  
  162  16:36  Missile Turret  
  162  16:38  Missile Turret  
  162  16:39  Liberator  
  152  16:46  Marauder x2, Marine x2  
  144  16:47  Liberator  
  144  16:48  SCV  
  144  16:52  Marine x2  
  144  16:53  Marauder  
  125  17:06  Marine  
  125  17:07  Marine x5  
  121  17:09  Liberator  
  121  17:14  SCV  
  121  17:15  SCV  
  121  17:27  Liberator  
  116  17:35  Marine x4  
  116  17:36  SCV x2  
  118  17:37  Orbital Command  
  118  17:44  Marauder, Marine x2  
  120  17:48  SCV x2  
Show
View Real Time Build Order
Export as new Build Order

Vindicta Terran - Winner!

Build Orders: Mech 

Get SALT Encoding   

  12  0:00  SCV  
  13  0:12  SCV  
  14  0:17  Supply Depot  
  14  0:24  SCV  
  15  0:32  Refinery  
  15  0:38  SCV  
  16  0:44  Barracks  
  16  0:50  SCV  
  17  1:00  Refinery  
  17  1:02  SCV  
  18  1:15  SCV  
  19  1:31  Orbital Command  
  19  1:32  Reaper  
  20  1:38  Factory  
  20  1:47  Supply Depot  
  20  1:57  SCV  
  21  2:04  Reaper  
  22  2:09  SCV  
  22  2:21  SCV  
  22  2:22  Hellion  
  25  2:33  Command Center  
  25  2:36  Barracks Tech Lab  
  25  2:38  SCV  
  26  2:47  Supply Depot  
  27  2:57  Starport  
  27  3:01  Cyclone  
  27  3:03  SCV  
  30  3:10  Barracks Tech Lab  
  29  3:26  SCV  
  27  3:38  SCV  
  27  3:39  Cyclone  
  31  3:48  Refinery  
  31  3:50  SCV  
  31  3:51  Orbital Command  
  31  3:54  Raven  
  34  4:02  SCV  
  35  4:04  Barracks Reactor  
  33  4:14  SCV  
  33  4:16  SCV  
  34  4:25  Command Center  
  34  4:26  Siege Tank  
  34  4:30  SCV  
  38  4:32  SCV  
  39  4:40  Marine x2  
  39  4:43  SCV  
  39  4:44  SCV  
  43  4:48  Raven  
  45  4:55  SCV  
  45  4:56  SCV, Supply Depot  
  45  4:58  Marine  
  45  4:59  Marine  
  49  5:04  Siege Tank  
  52  5:07  SCV  
  53  5:16  SCV  
  53  5:19  SCV  
  55  5:25  Command Center  
  55  5:28  SCV  
  55  5:32  SCV  
  57  5:36  Siege Tank  
  57  5:40  SCV  
  61  5:43  Orbital Command  
  61  5:44  SCV  
  62  5:50  Viking  
  62  5:55  Viking  
  65  5:57  SCV  
  65  6:02  SCV  
  67  6:08  Siege Tank  
  67  6:09  SCV  
  71  6:12  SCV  
  71  6:14  SCV, Refinery  
  73  6:22  SCV  
  73  6:23  Factory  
  73  6:24  SCV  
  75  6:26  Viking  
  77  6:37  Viking, SCV x2  
  82  6:40  Supply Depot  
  82  6:42  Supply Depot  
  82  6:44  SCV  
  82  6:46  Orbital Command  
  82  6:48  Siege Tank  
  82  6:50  SCV  
  82  6:54  SCV  
  87  6:56  SCV  
  87  6:59  Viking  
  91  7:02  SCV  
  91  7:07  Viking  
  93  7:18  Factory  
  93  7:20  Orbital Command, Siege Tank  
  97  7:22  SCV  
  97  7:28  SCV  
  97  7:29  Viking  
  100  7:35  SCV  
  101  7:41  Viking  
  101  7:43  SCV x2  
  105  7:46  SCV  
  105  7:47  SCV  
  107  7:52  Refinery  
  107  7:55  SCV  
  108  7:59  Refinery  
  108  8:02  Factory Reactor  
  108  8:03  Engineering Bay  
  108  8:15  Supply Depot x2  
  108  8:19  Supply Depot, Infernal Pre-Igniter  
  108  8:20  Viking x2, SCV, Siege Tank  
  116  8:27  Supply Depot  
  116  8:31  Supply Depot  
  116  8:33  Sensor Tower  
  116  8:36  SCV x4, Siege Tank  
  116  8:37  Supply Depot, Sensor Tower  
  125  8:41  Supply Depot, Hellion x2  
  127  8:48  SCV  
  127  8:50  Missile Turret  
  127  8:52  Hellion, Missile Turret  
  132  8:57  SCV  
  132  8:59  Viking  
  132  9:00  Factory  
  132  9:01  Factory  
  135  9:03  Hellion  
  135  9:08  Siege Tank  
  138  9:11  Missile Turret  
  138  9:12  Missile Turret  
  138  9:13  Armory  
  138  9:14  SCV  
  138  9:16  Armory  
  139  9:20  SCV  
  143  9:25  Hellion x2  
  143  9:30  SCV x2  
  146  9:31  Missile Turret  
  146  9:32  Missile Turret  
  146  9:33  SCV  
  146  9:37  Siege Tank  
  150  9:44  Liberator x2  
  156  9:46  Refinery  
  156  9:47  Refinery  
  156  9:50  Factory Tech Lab  
  156  9:51  Factory Tech Lab  
  156  9:58  Hellion x3  
  147  10:05  Planetary Fortress  
  147  10:06  SCV x2  
  140  10:09  Hellion  
  140  10:12  Hellion  
  145  10:18  Terran Vehicle Weapons Level 1, Terran Vehicle And Ship Armor Level 1  
  145  10:19  SCV x2  
  145  10:20  SCV  
  147  10:27  Liberator  
  152  10:28  Missile Turret  
  152  10:30  Missile Turret  
  152  10:31  SCV x2, Hellion  
  152  10:32  Liberator  
  157  10:38  Hellion  
  164  10:45  Siege Tank  
  164  10:46  Hellion  
  166  10:50  SCV  
  166  10:52  Missile Turret  
  166  10:53  Hellion x5  
  166  10:54  Thor  
  170  10:57  Hellion  
  170  10:59  Smart Servos  
  170  11:07  Thor  
  170  11:11  Missile Turret  
  170  11:12  Missile Turret  
  170  11:15  Hellion  
  170  11:16  Sensor Tower  
  172  11:19  Supply Depot  
  172  11:28  Thor  
  172  11:29  SCV x2  
  180  11:33  Hellion  
  180  11:34  SCV x2  
  180  11:37  Hellion, Siege Tank  
  179  11:40  Siege Tank, Liberator x2  
  179  11:42  Missile Turret  
  179  11:43  Missile Turret  
  188  11:52  SCV, Hellion  
  184  11:55  Hellion  
  184  11:58  Hellion  
  180  12:07  Command Center  
  180  12:09  Siege Tank  
  180  12:10  Missile Turret  
  180  12:11  Missile Turret  
  180  12:12  Hellion  
  180  12:13  Terran Vehicle Weapons Level 2  
  178  12:16  Missile Turret  
  178  12:17  SCV, Missile Turret x2  
  178  12:19  Hellion  
  178  12:21  Hellion  
  179  12:29  SCV  
  176  12:30  SCV  
  176  12:31  SCV  
  176  12:32  Missile Turret  
  176  12:33  SCV  
  176  12:34  Missile Turret  
  179  12:39  Hellion  
  179  12:41  SCV  
  179  12:42  SCV, Siege Tank  
  179  12:43  Terran Vehicle And Ship Armor Level 2  
  181  12:48  Siege Tank x2  
  187  12:59  SCV, Supply Depot  
  187  13:03  Supply Depot  
  188  13:15  Supply Depot  
  188  13:16  SCV, Hellion, Siege Tank  
  188  13:18  SCV  
  178  13:20  Siege Tank  
  178  13:22  Siege Tank  
  178  13:23  Hellion x2  
  177  13:31  SCV  
  177  13:32  SCV  
  179  13:37  Hellion  
  171  13:44  Hellion, Siege Tank  
  171  13:46  Liberator  
  171  13:47  Liberator  
  171  13:48  Siege Tank  
  185  13:50  SCV  
  185  13:53  Hellion  
  188  13:57  Siege Tank  
  188  13:59  Hellion  
  188  14:02  SCV x3  
  184  14:05  Planetary Fortress, Hellion  
  182  14:14  Hellion  
  182  14:16  Siege Tank  
  183  14:20  Hellion, Siege Tank  
  183  14:21  SCV  
  187  14:27  SCV x2, Hellion  
  187  14:28  Refinery  
  187  14:29  Liberator x2, Refinery, Siege Tank  
  198  14:41  Missile Turret  
  198  14:42  Hellion  
  198  14:44  Thor  
  192  14:48  Hellion  
  192  14:52  Thor  
  200  14:55  Terran Vehicle Weapons Level 3, Missile Turret  
  200  14:56  Neosteel Armor  
  200  15:03  Hellion x8  
  197  15:07  Terran Vehicle And Ship Armor Level 3  
  197  15:09  Siege Tank  
  197  15:12  Sensor Tower  
  197  15:20  Factory  
  197  15:21  Factory, Siege Tank  
  197  15:23  Command Center  
  197  15:25  Command Center  
  200  15:35  Hellion, Siege Tank  
  191  15:36  Siege Tank  
  191  15:37  Hellion  
  191  15:39  Viking x2  
  191  15:41  Siege Tank  
  192  15:54  Hellion  
  192  15:57  Hellion  
  193  15:58  Hellion  
  195  16:07  Hellion  
  195  16:10  Viking, Thor  
  199  16:15  Hellion  
  199  16:18  Hellion, Thor  
  191  16:19  Hellion  
  191  16:21  Factory  
  191  16:23  Factory  
  191  16:25  Command Center  
  199  16:28  Factory Tech Lab x2  
  199  16:39  Viking  
  192  16:40  Viking, Thor  
  192  16:41  Hellion  
  187  16:49  Thor  
  190  16:54  Orbital Command  
  190  17:00  Thor  
  187  17:01  Thor  
  187  17:03  Thor  
  187  17:07  Factory Tech Lab  
  196  17:08  SCV  
  196  17:14  Factory Tech Lab  
  197  17:20  Viking  
  195  17:27  Thor  
  199  17:42  Missile Turret  
  199  17:43  Unknown x2, Starport  
  199  17:44  Starport  
  199  17:53  Missile Turret  
Tags
 
Add a new tag
Caveats
  • Supply blocks, unpowered buildings, or Contaminate may cause inaccurate times.
  • Supply counts are checked every 10 seconds.